 Dungeon Crawl Stone Soup version 0.17-a0-18-gc25b939 (webtiles) character file.

95 Ngotmuk the Slasher (level 4, 0/35 HPs)
             Began as a Human Fighter on Mar 12, 2015.
             Slain by a gnoll
             ... wielding a +0 halberd
              (6 damage)
             ... on level 3 of the Dungeon.
             The game lasted 00:05:20 (1897 turns).

Ngotmuk the Slasher (Human Fighter)                 Turns: 1897, Time: 00:05:20

Health: 0/35       AC:  6    Str: 22    XL:     4   Next: 97%
Magic:  4/4        EV:  7    Int:  8    God:
Gold:   155        SH:  9    Dex: 13    Spells: 0 memorised, 3 levels left

rFire  . . .     SeeInvis .     a - +0 long sword
rCold  . . .     Clarity  .     b - +0 scale mail
rNeg   . . .     SustAb   .     c - +0 shield
rPois  .         Gourm    .     (no helmet)
rElec  .         Spirit   .     (no cloak)
rCorr  .         Warding  .     (no gloves)
rMut   .         Stasis   .     (no boots)
MR     .....                    (no amulet)
Stlth  ..........               (no ring)
                                (no ring)

@: mighty, not resistant to hostile enchantments, extremely unstealthy
A: no striking features
a: no special abilities


You were on level 3 of the Dungeon.
You were not hungry.

You visited 1 branch of the dungeon, and saw 3 of its levels.

You collected 155 gold pieces.

Inventory:

Hand weapons
 a - a +0 long sword (weapon)
Armour
 b - a +0 scale mail (worn)
 c - a +0 shield (worn)
Scrolls
 f - 2 scrolls of random uselessness {unknown}
 g - a scroll of remove curse {unknown}
 j - a scroll of immolation {unknown}
 k - a scroll of recharging {unknown}
 m - a scroll of fear {unknown}
 n - a scroll of enchant weapon {unknown}
 p - a scroll of teleportation {unknown}
 q - a scroll of enchant armour {unknown}
 s - a scroll of identify {unknown}
Potions
 h - 3 potions of curing
 i - a potion of ambrosia {unknown}
 l - 2 potions of brilliance {unknown}
 o - a potion of agility {unknown}
Comestibles
 d - 4 fruits
 r - a slice of pizza


   Skills:
 - Level 3.0 Fighting
 + Level 4.6 Long Blades
 - Level 3.1 Armour
 - Level 3.0 Shields


You had 3 spell levels left.
You didn't know any spells.

Dungeon Overview and Level Annotations

Branches:
Dungeon (3/15)

Altars:
Gozag
Ru
The Shining One

Shops:
D:2 *


Message History

You closely miss the sky beast.
The sky beast is lightly wounded.
The jackal bites you but does no damage.
The gnoll barely misses you.
The sky beast hits you but does no damage.
You block the jackal's attack.
Your shield and scale mail prevent you from hitting the sky beast.
The sky beast is lightly wounded.
The jackal barely misses you. You block the gnoll's attack.
The sky beast flickers out of sight!
Deactivating autopickup; reactivate with Ctrl-A.
Something hits you. Something shocks you.
* * * LOW HITPOINT WARNING * * *
You block the jackal's attack.
You feel very mighty all of a sudden.
A sky beast appears from thin air!
Reactivating autopickup.
You block the sky beast's attack. The jackal closely misses you.
The gnoll hits you from afar with a halberd.
You die...

.........###............#######
########........#########
.......'.............#
.#######.............#
#.............# #######.......#
###.##### #Y# #@# #h# #g## #gh#
##h# ?..gh..[....g....
≈h≈≈≈....h≈≈h≈≈ ≈≈≈≈≈....≈≈≈≈≈≈
≈≈≈≈≈....≈≈≈≈≈≈


You could see a sky beast, 2 gnolls and 3 jackals.

Vanquished Creatures
  Ijyb (D:3)
  An adder (D:2)
  3 worms
  3 giant geckos
  2 ball pythons (D:2)
  5 bats
  3 giant cockroaches
  2 goblins
  9 hobgoblins
  A jackal (D:3)
  A quokka (D:3)
  A giant newt (D:1)
  12 kobolds
  4 rats
48 creatures vanquished.

Notes
Turn   | Place    | Note
--------------------------------------------------------------
     0 | D:1      | Ngotmuk, the Human Fighter, began the quest for the Orb.
     0 | D:1      | Reached XP level 1. HP: 18/18 MP: 1/1
   199 | D:1      | Reached XP level 2. HP: 24/24 MP: 2/2
   673 | D:2      | Reached XP level 3. HP: 25/29 MP: 3/3
   702 | D:2      | Found a glowing golden altar of the Shining One.
  1252 | D:2      | Reached XP level 4. HP: 31/35 MP: 4/4
  1280 | D:2      | Reached skill level 4 in Long Blades
  1455 | D:2      | Found Gozag's Platinum Reserve.
  1457 | D:2      | Found an opulent altar of Gozag.
  1682 | D:3      | Found a sacrificial altar of Ru.
  1682 | D:3      | Noticed Ijyb
  1701 | D:3      | Killed Ijyb
  1878 | D:3      | Noticed a sky beast
  1897 | D:3      | Slain by a gnoll

Action                   |  1- 3 |  4- 6 || total
-------------------------+-------+-------++-------
Melee: Long sword        |   122 |    84 ||   206
  Use: Potion            |       |     2 ||     2
  Eat: Bread ration      |     1 |       ||     1
